 Seeded DCSS version 0.29.0-11-gd7f09526c8 (webtiles) character file.

Game seed: 3121381558354691732 (custom seed)

5519 purpskrrrp the Grappler (level 10, -11/156 HPs)
             Began as a Troll Fighter on Sept 7, 2022.
             Was a Follower of Ashenzari.
             Mangled by an orc warrior
             ... wielding a +0 battleaxe
              (15 damage)
             ... in a bailey.
             The game lasted 00:12:31 (6812 turns).

purpskrrrp the Grappler (Troll Fighter)             Turns: 6812, Time: 00:12:31

Health: -11/156    AC:  5    Str: 36    XL:     10   Next: 43%
Magic:  9/9        EV:  9    Int:  4    God:    Ashenzari [*.....]
Gold:   527        SH: 15    Dex:  9    Spells: 9/9 levels left

rFire   . . .      SeeInvis +     - Unarmed
rCold   . . .      Faith    .   b - +1 kite shield
rNeg    . . .      Spirit   .   a - +0 robe
rPois   .          Reflect  +   (helmet restricted)
rElec   .          Harm     .   R - +0 cloak
rCorr   .          Rampage  .   (gloves unavailable)
Will    .....                   (boots unavailable)
Stlth   ..........              p - amulet of Ashenzari's Seer {Reflect SH+5, Evo, Self} (curse)
HPRegen 1.16/turn               f - ring "Shackled Liberalism" {Str+6, Alch, Melee} (curse)
MPRegen 0.11/turn               q - ring of see invisible

@: berserking, slowed
A: large, unfitting armour, claws 3, regeneration 1, shaggy fur 1, tough skin 1
a: Renounce Religion, Curse Item, Shatter the Chains


You were in a bailey.
You worshipped Ashenzari.
Ashenzari was aware of your devotion.
You visited 2 branches of the dungeon, and saw 10 of its levels.
You also visited: Bailey.

You collected 527 gold pieces.

Inventory:

Missiles
 g - 5 throwing nets (quivered)
Armour
 a - a +0 robe (worn)
 b - a +1 kite shield (worn)
 R - a +0 cloak (worn)
Jewellery
 f - the cursed ring "Shackled Liberalism" (left claw) {Str+6, Alch, Melee}
   (You found it on level 1 of the Dungeon)

   [ring of strength]

   Str:       It affects your strength (+6).
   It has a curse which improves the following skills: Alchemy: Poison Magic and
   Transmutations.
   Melee Combat: Short Blades, Long Blades, Axes, Maces & Flails, Polearms,
   Staves and Unarmed Combat.
 o - a ring of positive energy
 p - the cursed amulet of Ashenzari's Seer (around neck) {Reflect SH+5, Evo, Self}
   (You found it on level 2 of the Dungeon)

   [amulet of reflection]

   It reflects blocked missile attacks.
   SH:        It affects your SH (+5).
   It has a curse which improves the following skills: Evocations: Evocations.
   Introspection: Fighting and Spellcasting.
 q - a ring of see invisible (right claw)
 K - a ring of magical power
 L - a ring of ice
 N - an amulet of the acrobat
 P - a ring of protection from cold
 Q - an amulet of regeneration
 S - a ring of resist corrosion
 T - the ring of Rytoofeo {Str+4 Int-5 SInv}
   (You found it on level 8 of the Dungeon)

   [ring of see invisible]

   Str:       It affects your strength (+4).
   Int:       It affects your intelligence (-5).
   SInv:      It lets you see invisible.
Wands
 y - a wand of roots (9)
 I - a wand of flame (8)
 M - a wand of light (13)
Scrolls
 d - 11 scrolls of identify
 e - 3 scrolls of acquirement
 h - 2 scrolls of magic mapping
 i - 2 scrolls of enchant weapon
 k - 6 scrolls of amnesia
 l - a scroll of poison
 m - 5 scrolls of teleportation
 n - 2 scrolls of fear
 w - 3 scrolls of noise
 x - a scroll of vulnerability
 C - 2 scrolls of butterflies
 F - a scroll of immolation
 H - a scroll of brand weapon
 O - a scroll of torment
Potions
 c - 2 potions of might
 j - 2 potions of magic
 r - a potion of invisibility
 s - a potion of heal wounds
 t - 2 potions of brilliance
 u - a potion of flight
 v - 2 potions of curing
 z - a potion of ambrosia
 A - a potion of cancellation
 B - a potion of attraction
 E - a potion of lignification
 G - 2 potions of degeneration
 J - 2 potions of haste


   Skills:
 + Level 7.0(7.9) Fighting
 - Level 2.4 Dodging
 + Level 7.7 Shields
 * Level 11.3(12.1) Unarmed Combat


You had 9 spell levels left.
You didn't know any spells.
Your spell library contained the following spells:

 Spells                   Type           Power      Damage    Failure   Level
 Sting                    Tmut/Pois      0%         1d3       73%         1
 Ensorcelled Hibernation  Hex/Ice        0%         N/A       86%         2
 Passwall                 Tmut/Erth      0%         N/A       86%         2
 Poisonous Vapours        Pois/Air       0%         N/A       86%         2
 Sublimation of Blood     Necr           0%         N/A       86%         2
 Gell's Gravitas          Tloc           0%         N/A       98%         3
 Portal Projectile        Hex/Tloc       0%         N/A       98%         3
 Swiftness                Air            0%         N/A       98%         3
 Teleport Other           Tloc           0%         N/A       98%         3
 Tukima's Dance           Hex            0%         N/A       98%         3
 Animate Dead             Necr           0%         N/A       100%        4
 Olgreb's Toxic Radiance  Pois           0%         N/A       100%        4
 Passage of Golubria      Tloc           0%         N/A       100%        4
 Petrify                  Tmut/Erth      0%         N/A       100%        4
 Blade Hands              Tmut           0%         N/A       100%        5
 Borgnjor's Vile Clutch   Necr/Erth      0%         N/A       100%        5
 Irradiate                Conj/Tmut      0%         3d11      100%        5
 Yara's Violent Unravell  Hex/Tmut       0%         3d3       100%        5
 Death Channel            Necr           0%         N/A       100%        6
 Dispersal                Tloc           0%         N/A       100%        6


Dungeon Overview and Level Annotations

Branches:
Dungeon (9/15)             Temple (1/1) D:6          Bailey (1/1)
   Lair: D:8-11         Orc: D:9-12

Altars:
Ashenzari
Cheibriados
Dithmenos
Elyvilon
Fedhas
Hepliaklqana
Kikubaaqudgha
Makhleb
Nemelex Xobeh
Okawaru
Qazlal
Ru
Sif Muna
Trog
Uskayaw
Vehumet
Wu Jian
Xom
Yredelemnul
Zin
The Shining One

Shops:
D:3 *

Annotations:
D:8 2 transporters, 1 runed translucent door, Bediveer's ghost, novice BaHu


Innate Abilities, Weirdness & Mutations

You are too large for most types of armour.
You have claws for hands.
Your natural rate of healing is unusually fast.
You are covered in fur. (AC +1)
You have tough skin. (AC +1)


Message History

The kobold brigand is lightly wounded.
You feel sick.
The kobold brigand hits you with a +0 war axe!
You block the kobold brigand's attack.
An orc warrior comes into view. It is wielding a +0 war axe.
The kobold brigand hits you with a +0 war axe!
The kobold brigand hits you with a +0 war axe.
You mangle the kobold brigand!!
The kobold brigand is almost dead.
You feel sick.
You are no longer poisoned.
The kobold brigand hits you with a +0 war axe.
You block the kobold brigand's attack.
You barely miss the kobold brigand.
The kobold brigand is almost dead.
The kobold brigand hits you with a +0 war axe.
You block the kobold brigand's attack.
You mangle the kobold brigand!!
You kill the kobold brigand!
You block the orc warrior's attack. The kobold brigand barely misses you.
The orc warrior hits you with a +0 war axe!
You block the kobold brigand's attack.
The orc warrior hits you with a +0 battleaxe!!
* * * LOW HITPOINT WARNING * * *
You feel much better. You block the orc warrior's attack. x2
The orc warrior hits you with a +0 war axe!
The kobold brigand hits you with a +0 war axe!
* * * LOW HITPOINT WARNING * * *
A red film seems to cover your vision as you go berserk!
You feel yourself moving faster!
You feel mighty!
The orc warrior hits you with a +0 war axe!
* * * LOW HITPOINT WARNING * * *
You block the orc warrior's attack.
The orc warrior hits you with a +0 war axe!
* * * LOW HITPOINT WARNING * * *
You block the kobold brigand's attack. You block the orc warrior's attack.
The kobold brigand hits you with a +0 war axe.
* * * LOW HITPOINT WARNING * * *
The orc warrior hits you with a +0 battleaxe!
You die...

##~~......(~~###.#
.~~.......~~....#
#~~.......~~###.#
.~~.......~~....
#~~.......~~###.
.~~....(..~~...
#~~.......~~###
##~....)..~##
####'o@####
#..ooK# #∩[..o[∩#
#...8...#
##..(..## ###'###
.. ..


You could see 4 orc warriors and a kobold brigand.

Vanquished Creatures
  A flayed ghost (D:8)
  Pikel (D:6)
  Sigmund (D:4)
  2 shadows (D:8)
  4 wraiths (D:8)
  Grum (D:8)
  A steam dragon (D:8)
  An acid dragon (D:7)
  An orc warrior (D:7)
  3 water moccasins
  An ice beast (D:7)
  A sky beast (D:7)
  4 ogres
  4 wolves (D:8)
  A lemure (D:6)
  2 centaurs
  A phantom (D:6)
  Blork the orc (D:6)
  4 kobold brigands (Bailey)
  2 bullfrogs
  3 necrophages
  3 scorpions
  A jelly (D:5)
  3 hounds
  4 orc priests
  A gnoll bouda (D:4)
  Ijyb (D:5)
  3 iguanas
  6 orc wizards
  Robin (D:4)
  7 gnolls (D:4)
  6 adders
  A white imp (D:6)
  An ufetubus (D:5)
  6 worms
  A dart slug (D:3)
  26 orcs
  6 endoplasms
  4 giant cockroaches
  20 goblins
  9 hobgoblins
  10 jackals
  12 kobolds
  A quokka (D:4)
  3 ball pythons
  18 bats
  3 frilled lizards
  5 rats
202 creatures vanquished.

Vanquished Creatures (others)
  A fungus (D:4)
1 creature vanquished.

Grand Total: 203 creatures vanquished

Notes
Turn   | Place    | Note
-------+----------+-------------------------------------------
     0 | D:1      | purpskrrrp the Troll Fighter began the quest for the Orb.
     0 | D:1      | Reached XP level 1. HP: 22/22 MP: 0/0
   159 | D:1      | Found a faded altar of an unknown god.
   163 | D:1      | Got Plato's Secrets of Vitiation
   249 | D:1      | Reached XP level 2. HP: 29/29 MP: 1/1
   657 | D:2      | Reached XP level 3. HP: 36/36 MP: 2/2
   721 | D:2      | Reached skill level 3 in Unarmed Combat
  1076 | D:2      | Found a bloodstained altar of Trog.
  1327 | D:3      | Reached XP level 4. HP: 44/44 MP: 3/3
  1419 | D:3      | Found Isonomam's Assorted Antiques.
  1613 | D:3      | Noticed an ogre
  1617 | D:3      | Killed an ogre
  1618 | D:3      | Reached skill level 4 in Unarmed Combat
  1618 | D:3      | Reached XP level 5. HP: 40/53 MP: 4/4
  1852 | D:4      | Noticed Sigmund
  1865 | D:4      | Killed Sigmund
  1866 | D:4      | Reached skill level 5 in Unarmed Combat
  1866 | D:4      | Reached XP level 6. HP: 40/61 MP: 5/5
  2088 | D:4      | Found an iron altar of Okawaru.
  2187 | D:4      | Reached XP level 7. HP: 42/68 MP: 6/6
  2513 | D:4      | Noticed Robin
  2527 | D:4      | Reached skill level 6 in Unarmed Combat
  2540 | D:4      | Killed Robin
  3067 | D:5      | Entered Level 5 of the Dungeon
  3206 | D:5      | Reached skill level 5 in Shields
  3206 | D:5      | Reached XP level 8. HP: 55/79 MP: 7/7
  3280 | D:5      | Reached skill level 7 in Unarmed Combat
  3623 | D:5      | Noticed Ijyb
  3637 | D:5      | Killed Ijyb
  3846 | D:6      | Noticed Blork the orc
  3853 | D:6      | Killed Blork the orc
  4025 | D:6      | Found a staircase to the Ecumenical Temple.
  4084 | D:6      | Reached skill level 5 in Fighting
  4187 | D:6      | Reached skill level 8 in Unarmed Combat
  4206 | Temple   | Entered the Ecumenical Temple
  4507 | Temple   | Became a worshipper of Ashenzari the Shackled
  4783 | D:6      | Noticed Pikel
  4800 | D:6      | Killed Pikel
  4801 | D:6      | Reached XP level 9. HP: 34/88 MP: 8/8
  5103 | D:7      | Reached skill level 9 in Unarmed Combat
  5393 | D:7      | Found a stormy altar of Qazlal.
  5739 | D:8      | Found a transporter.
  5740 | D:8      | Found a transporter.
  5744 | D:8      | Found a bloodstained altar of Trog.
  5744 | D:8      | Noticed a moth of wrath
  5744 | D:8      | Noticed Bediveer's ghost (novice BaHu)
  5892 | D:8      | Reached skill level 10 in Unarmed Combat
  5945 | D:8      | Reached * piety under Ashenzari
  5945 | D:8      | Identified 3 scrolls of acquirement
  5959 | D:8      | Found a runed translucent door.
  5963 | D:8      | Found a basalt altar of Yredelemnul.
  5986 | D:8      | Noticed Grum
  5998 | D:8      | Killed Grum
  6082 | D:8      | Found a sacrificial altar of Ru.
  6364 | D:8      | Noticed a two-headed ogre
  6397 | D:8      | Found an ornate altar of the Wu Jian Council.
  6413 | D:8      | Found a runed translucent door.
  6418 | D:8      | Found a broken altar of Ashenzari.
  6433 | D:8      | Found a sparkling altar of Nemelex Xobeh.
  6453 | D:8      | Reached XP level 10. HP: 93/102 MP: 9/9
  6469 | D:8      | Found a stormy altar of Qazlal.
  6493 | D:8      | Found a hazy altar of Hepliaklqana.
  6539 | D:8      | Found a bloodstained altar of Trog.
  6595 | D:8      | Noticed a flayed ghost
  6596 | D:8      | Identified the ring of Rytoofeo {Str+4 Int-5 SInv}
  6604 | D:8      | Killed a flayed ghost
  6605 | D:8      | Reached skill level 11 in Unarmed Combat
  6612 | D:8      | Lost intelligence.
  6738 | D:9      | Found a flagged portal.
  6749 | Bailey   | Entered a bailey
  6795 | Bailey   | Identified the +2 robe "Nuphul" {Will- Str+4 Dex+2 Stlth+}
  6812 | Bailey   | HP: 4/156 [kobold brigand/+0 war axe (5)]
  6812 | Bailey   | Mangled by an orc warrior

Illustrated notes

Levels and vault maps discovered:
D:1:      minmay_arrival_glassed_features, layout_loops_ring,
          shapermc_ecumenical_altar_rom_forum, nicolae_kite_square_tiling_tiny
D:2:      layout_basic, basic_altar
D:3:      layout_rooms, serial_shops, nicolae_shop_hallway_stairs
D:4:      layout_basic, okawaru_altar_gauntlet_db, dreamdust_gnoll_farm,
          uniq_sigmund, uniq_robin
D:5:      layout_loops_ring, nicolae_sextant, uniq_ijyb
D:6:      layout_basic, minmay_temple_entry_junction, uniq_pikel,
          uniq_blork_the_orc
D:7:      layout_cave_pools, overflow_temple_1_default
D:8:      due_megacathedral, layout_gridville, nicolae_ru_sacrificial_ziggurat,
          overflow_temple_1_default, dk_yredelemnul_ordeal,
          gammafunk_ghost_wrathful_warriors, uniq_grum
D:9:      layout_roguey, enter_bailey_3, minmay_misc_feat_cross, chequers_garden
Temple:   minmay_temple_bridge_d
Bailey:   bailey_axe_3, bailey

Skill      XL: |  1  2  3  4  5  6  7  8  9 10 |
---------------+-------------------------------+-----
Shields        | 3 4 5 6 7 |  7.7
Unarmed Combat | 3 4 5 6 8 10 11 | 11.3
Fighting       | 3 4 5 6 7 |  7.0
Dodging        | |  2.4

Action                   |  1- 3 |  4- 6 |  7- 9 | 10-12 || total
-------------------------+-------+-------+-------+-------++-------
Melee: Unarmed           |    75 |   122 |   337 |    68 ||   602
Invok: Curse Item        |       |       |     2 |       ||     2
  Use: Scroll            |       |       |     1 |       ||     1
       Potion            |       |       |       |     3 ||     3
Armor: Robe              |    28 |    33 |    76 |    12 ||   149
Dodge: Dodged            |    29 |    38 |   118 |    13 ||   198
Block: Kite shield       |    33 |    41 |   157 |    66 ||   297
       Reflection        |       |       |     2 |     7 ||     9
